 Dungeon Crawl Stone Soup version 0.29.1-15-g9cfb28693d (webtiles) character file.

Game seed: 15908295855184678690

76 GigaChad the Covered (level 4, -8/40 HPs)
             Began as a Minotaur Fighter on Mar 14, 2023.
             Killed from afar by Sigmund (10 damage)
             ... with a puff of flame
             ... on level 3 of the Dungeon.
             The game lasted 00:01:48 (1830 turns).

GigaChad the Covered (Minotaur Fighter)             Turns: 1830, Time: 00:01:49

Health: -8/40      AC:  7    Str: 23    XL:     4   Next: 12%
Magic:  3/3        EV:  9    Int:  5    God:
Gold:   930        SH:  4    Dex:  9    Spells: 3/3 levels left

rFire   . . .      SeeInvis .   a - +0 war axe
rCold   . . .      Faith    .   c - +0 buckler
rNeg    . . .      Spirit   .   b - +0 scale mail
rPois   .          Reflect  .   (helmet restricted)
rElec   .          Harm     .   (no cloak)
rCorr   .          Rampage  .   (no gloves)
Will    .....                   (no boots)
Stlth   ..........              (no amulet)
HPRegen 0.13/turn               (no ring)
MPRegen 0.08/turn               (no ring)

@: no status effects
A: horns 2, retaliatory headbutt
a: no special abilities


You were on level 3 of the Dungeon.
You visited 1 branch of the dungeon, and saw 3 of its levels.

You collected 930 gold pieces.

Inventory:

Hand Weapons
 a - a +0 war axe (weapon)
Armour
 b - a +0 scale mail (worn)
 c - a +0 buckler (worn)
Jewellery
 f - a +4 ring of evasion
 i - a ring of see invisible
 k - a +6 ring of dexterity
Scrolls
 e - 2 scrolls of identify {unknown}
 m - a scroll of torment {unknown}
 n - a scroll of brand weapon {unknown}
 o - a scroll of noise {unknown}
Potions
 d - a potion of might
 g - a potion of ambrosia {unknown}
 h - 2 potions of curing {unknown}
 j - a potion of brilliance {unknown}
 l - a potion of degeneration {unknown}


   Skills:
 + Level 4.2 Fighting
 + Level 3.3 Axes
 + Level 4.4 Armour
 + Level 0.5 Dodging
 + Level 0.2 Stealth
 + Level 4.1 Shields


You had 3 spell levels left.
You didn't know any spells.
Your spell library was empty.

Dungeon Overview and Level Annotations

Branches:
Dungeon (3/15)

Altars:
Trog

Annotations:
D:3 Sigmund


Innate Abilities, Weirdness & Mutations

You have a pair of horns on your head.
You reflexively headbutt those who attack you in melee.


Message History

You closely miss the giant cockroach. You headbutt the giant cockroach.
You kill the giant cockroach!
You block Sigmund's attack. Terence completely misses you.
You hit Terence.
Terence is lightly wounded.
Sigmund barely misses you. Terence completely misses you.
You closely miss Terence. You headbutt Terence, but do no damage.
Terence is lightly wounded.
Terence hits you with a +0 hand axe.
Sigmund casts a spell.
Sigmund flickers and vanishes!
Deactivating autopickup; reactivate with Ctrl-A.
Terence completely misses you.
You slash Terence! You headbutt Terence, but do no damage.
Terence is moderately wounded.
Something hits you. Terence closely misses you. You furiously retaliate!
You headbutt Terence, but do no damage. You slash Terence!
Terence is almost dead.
Terence hits you with a +0 hand axe! Something hits you!
* * * LOW HITPOINT WARNING * * *
You are too injured to fight recklessly!
You are too injured to fight recklessly!
You are too injured to fight recklessly!
You are too injured to fight recklessly!
You hit Terence.
You kill Terence!
Something hits you.
* * * LOW HITPOINT WARNING * * *
You have reached level 4!
You feel stronger. Something hits you.
* * * LOW HITPOINT WARNING * * *
Things that are here:
a +0 hand axe; a +3 chain mail of poison resistance You miss something.
You hear some strange, mumbled words.
A puff of flame appears from out of thin air!
The puff of flame hits you!
You die...

######........###..#
#.................#
#........#..(.###..
#..###.###†#.## ####
#.###.#.#
#####.....#.#
#......#....#
#.###)##.####
#....@{...#
#...........#
..#.........#
#.........#
#.........#
#.........#
###########


There were no monsters in sight!

Vanquished Creatures
  Terence (D:3)
  An adder (D:2)
  An adder zombie (D:2)
  A dart slug (D:3)
  A bat zombie (D:2)
  2 endoplasms
  2 giant cockroaches
  5 goblins
  2 hobgoblins (D:3)
  2 jackals (D:2)
  2 quokkas (D:2)
  3 ball pythons
  3 bats
  4 frilled lizards
  2 kobolds (D:1)
  4 rats
36 creatures vanquished.

Vanquished Creatures (others)
  A withered plant (D:2)
1 creature vanquished.

Grand Total: 37 creatures vanquished

Notes
Turn   | Place    | Note
-------+----------+-------------------------------------------
     0 | D:1      | GigaChad the Minotaur Fighter began the quest for the Orb.
     0 | D:1      | Reached XP level 1. HP: 19/19 MP: 0/0
   241 | D:1      | Found a faded altar of an unknown god.
   580 | D:1      | Identified a scroll of acquirement
   580 | D:1      | Acquired 807 gold pieces
   669 | D:1      | Reached XP level 2. HP: 22/27 MP: 1/1
  1568 | D:2      | Reached XP level 3. HP: 33/33 MP: 2/2
  1584 | D:2      | Found a bloodstained altar of Trog.
  1816 | D:3      | Noticed Terence
  1817 | D:3      | Noticed Sigmund
  1827 | D:3      | Killed Terence
  1828 | D:3      | Reached XP level 4. HP: 2/40 MP: 3/3
  1828 | D:3      | HP: 1/40 [something (1)]
  1830 | D:3      | Killed from afar by Sigmund

Illustrated notes

Levels and vault maps discovered:
D:1:      dpeg_arrival_pond, layout_basic, shapermc_ecumenical_altar_notcrosses
D:2:      layout_rooms, basic_altar, serial_undead, serial_undead_c,
          serial_undead_d, serial_undead_b, serial_undead_b
D:3:      layout_rooms, lexackson_kobold_supper, uniq_sigmund, uniq_natasha,
          uniq_terence

Skill      XL: |  1  2  3 |
---------------+----------+-----
Armour         | 4 |  4.4
Shields        | 4 |  4.1
Fighting       | 4 |  4.2
Axes           | 3 |  3.3
Dodging        | |  0.5
Stealth        | |  0.2

Action                   |  1- 3 |  4- 6 || total
-------------------------+-------+-------++-------
Melee: War axe           |    99 |     1 ||   100
       Headbutt          |     8 |       ||     8
  Use: Scroll            |     2 |       ||     2
Armor: Scale mail        |    48 |       ||    48
Dodge: Dodged            |    54 |       ||    54
Block: Buckler           |    30 |       ||    30
